 Dungeon Crawl Stone Soup version 0.28.0-53-g5a82cb258f (webtiles) character file.

Game seed: 6865487860510118077

35 selky the Shield-Bearer (level 3, -3/29 HPs)
             Began as a Formicid Fighter on July 1, 2022.
             Slain by Sigmund
             ... wielding a +0 scythe
              (5 damage)
             ... on level 2 of the Dungeon.
             The game lasted 00:01:39 (1593 turns).

selky the Shield-Bearer (Formicid Fighter)          Turns: 1593, Time: 00:01:39

Health: -3/29      AC: 10    Str: 22    XL:     3   Next: 52%
Magic:  3/3        EV:  7    Int:  7    God:
Gold:   34         SH:  4    Dex: 10    Spells: 2/2 levels left

rFire   . . .      SeeInvis +   a - +0 flail
rCold   . . .      Faith    .   c - +0 buckler
rNeg    . . .      Spirit   .   e - +0 chain mail
rPois   .          Reflect  .   (helmet unavailable)
rElec   .          Harm     .   (no cloak)
rCorr   .          Rampage  .   g - +0 pair of gloves
Will    .....                   (no boots)
Stlth   ..........              (no amulet)
HPRegen 0.09/turn               (no ring)
MPRegen 0.08/turn               (no ring)

@: mighty
A: permanent stasis, dig shafts and tunnels, antennae 3, four strong arms
a: Dig, Shaft Self


You were on level 2 of the Dungeon.
You visited 1 branch of the dungeon, and saw 2 of its levels.

You collected 34 gold pieces.

Inventory:

Hand Weapons
 a - a +0 flail (weapon)
Armour
 c - a +0 buckler (worn)
 e - a +0 chain mail (worn)
 g - a +0 pair of gloves (worn)
Scrolls
 b - a scroll of enchant armour {unknown}
 i - 3 scrolls of holy word {unknown}
Potions
 d - a potion of might
 f - a potion of flight {unknown}
 h - a potion of curing {unknown}


   Skills:
 + Level 3.5 Fighting
 * Level 2.8 Maces & Flails
 - Level 3.2 Armour
 * Level 4.2 Shields


You had 2 spell levels left.
You didn't know any spells.
Your spell library was empty.

Dungeon Overview and Level Annotations

Branches:
Dungeon (2/15)

Altars:

Annotations:
D:2 Sigmund


Innate Abilities, Weirdness & Mutations

You cannot be hasted, slowed, berserked, paralysed or teleported.
You can dig through walls and to a lower floor.
You have a pair of large antennae on your head. (SInv)
Your four strong arms can wield two-handed weapons with a shield.


Message History

Sigmund is severely wounded.
The kobold barely misses you. Sigmund hits you with a +0 scythe!
The kobold barely misses you.
You are too injured to fight recklessly!
You are too injured to fight recklessly!
You are too injured to fight recklessly!
You are too injured to fight recklessly!
You are too injured to fight recklessly!
You are too injured to fight recklessly!
You are too injured to fight recklessly!
You are too injured to fight recklessly!
You are too injured to fight recklessly!
You are too injured to fight recklessly!
You are too injured to fight recklessly!
You are too injured to fight recklessly!
You are too injured to fight recklessly!
You are too injured to fight recklessly!
You are too injured to fight recklessly!
You are too injured to fight recklessly!
You are too injured to fight recklessly!
You are too injured to fight recklessly!
You are too injured to fight recklessly!
You are too injured to fight recklessly!
Unknown command.
You are too injured to fight recklessly!
You barely miss the kobold. Sigmund barely misses you.
The kobold hits you but does no damage.
You sock the kobold!
You kill the kobold!
Sigmund hits you from afar with a +0 scythe!
* * * LOW HITPOINT WARNING * * *
A jackal comes into view.
Sigmund drinks a potion.
Sigmund is healed!
Things that are here:
a staff of earth; 3 stones; a bubbling cyan potion Sigmund mumbles some strange words.
Sigmund flickers and vanishes for a moment.
Unknown command.
You closely miss Sigmund. Sigmund hits you with a +0 scythe.
You die...

.≈....
##.B........#{
......
###........#
#........#
#........#
##'#####.# #h#
#B# #.#####@#
#.....|@#
#.#######


You could see Sigmund (invisible), a jackal and a giant cockroach.

Vanquished Creatures
  4 bats (D:1)
  An endoplasm (D:1)
  5 giant cockroaches
  4 goblins
  A hobgoblin (D:1)
  3 jackals (D:2)
  2 quokkas (D:1)
  3 ball pythons
  A frilled lizard (D:2)
  2 kobolds
  3 rats
29 creatures vanquished.

Vanquished Creatures (others)
  3 plants (D:1)
3 creatures vanquished.

Grand Total: 32 creatures vanquished

Notes
Turn   | Place    | Note
-------+----------+-------------------------------------------
     0 | D:1      | selky the Formicid Fighter began the quest for the Orb.
     0 | D:1      | Reached XP level 1. HP: 18/18 MP: 1/1
   234 | D:1      | Found a faded altar of an unknown god.
   235 | D:1      | Noticed a shining eye
   236 | D:1      | Noticed a great orb of eyes
   243 | D:1      | Noticed an eye of devastation
   246 | D:1      | Noticed a shining eye
   328 | D:1      | Reached XP level 2. HP: 24/24 MP: 2/2
   583 | D:1      | Reached skill level 4 in Shields
   912 | D:1      | Reached XP level 3. HP: 29/29 MP: 3/3
  1552 | D:2      | Noticed Sigmund
  1593 | D:2      | Slain by Sigmund

Illustrated notes

Levels and vault maps discovered:
D:1:      dpeg_arrival_rhombi, layout_basic,
          hellmonk_ecumenical_altar_watching_god, minivault_27,
          serial_bayou_lagoon_b
D:2:      layout_basic, kennysheep_donut, minmay_misc_feat_x,
          chequers_serial_rivers_small_3, uniq_robin, uniq_sigmund

Skill      XL: |  1  2 |
---------------+-------+-----
Shields        | 4 |  4.2
Fighting       | |  3.5
Maces & Flails | |  2.8
Armour         | |  3.2

Action                   || total
-------------------------++-------
Melee: Flail             ||   102
  Use: Potion            ||     1
Armor: Chain mail        ||    93
Dodge: Dodged            ||    58
Block: Buckler           ||    31
